 Dungeon Crawl Stone Soup version 0.20-a0-187-ge5586d949a (webtiles) character file.

661 KristoblXynda the Chopper (level 7, 0/85 HPs)
             Began as a Mottled Draconian Fighter on Nov 23, 2016.
             Was an Initiate of Qazlal.
             Slain by braks's ghost (12 damage)
             ... on level 6 of the Dungeon.
             The game lasted 00:07:06 (3706 turns).

KristoblXynda the Chopper (DrFi)                    Turns: 3706, Time: 00:07:07

Health: 0/85       AC:  6    Str: 24    XL:     7   Next: 30%
Magic:  7/7        EV: 11    Int: 10    God:    Qazlal [......]
Gold:   334        SH: 11    Dex: 12    Spells: 6/6 levels left

rFire  . . .     SeeInvis .     a - +1 war axe (flame)
rCold  . . .     Gourm    .     (armour unavailable)
rNeg   . . .     Faith    +     b - +1 shield
rPois  .         Spirit   .     (helmet restricted)
rElec  .         Reflect  .     (no cloak)
rCorr  .         Harm     .     (no gloves)
MR     .....                    (no boots)
Stlth  ..........               p - amulet of faith
                                (no ring)
                                (no ring)

@: mighty, berserking, very quick
A: breathe sticky flame splash, unfitting armour, agile 1, cold-blooded, AC +6
a: Renounce Religion


You were on level 6 of the Dungeon.
You worshipped Qazlal.
Qazlal was noncommittal.
You were hungry.

You visited 2 branches of the dungeon, and saw 7 of its levels.

You collected 334 gold pieces.

Inventory:

Hand Weapons
 a - a +1 war axe of flaming (weapon)
Armour
 b - a +1 shield (worn)
 v - a +0 large shield
Jewellery
 p - an amulet of faith (around neck)
Wands
 h - a wand of confusion (26/48)
Scrolls
 i - 3 scrolls of amnesia
 n - 4 scrolls of remove curse
 r - 2 scrolls of teleportation
 s - 2 scrolls of fear
 t - 2 scrolls of fog
Potions
 e - a potion of resistance
 l - a potion of agility
 z - a potion of heal wounds {unknown}
Comestibles
 d - 5 bread rations
 k - 6 fruits
 o - 3 meat rations
 B - a beef jerky


   Skills:
 - Level 3.2 Fighting
 + Level 6.4 Axes
 - Level 2.6 Dodging
 + Level 5.6 Shields
 + Level 1.3 Invocations


You had 6 spell levels left.
You didn't know any spells.

Dungeon Overview and Level Annotations

Branches:
Dungeon (6/15)             Temple (1/1) D:4

Altars:
Ashenzari
Cheibriados
Dithmenos
Elyvilon
Hepliaklqana
Makhleb
Qazlal
Ru
Sif Muna
Trog
Vehumet
Xom
Yredelemnul
Zin
The Shining One

Annotations:
D:6 braks's ghost, novice DsMo


Innate Abilities, Weirdness & Mutations

You can spit globs of burning liquid.
You can ignite nearby creatures when you spit burning liquid.
Your scales are hard. (AC +6)
You cannot fit into any form of body armour.
You are cold-blooded and may be slowed by cold attacks.
You are agile. (Dex +2)


Message History

Braks's ghost is moderately damaged.
Braks's ghost hits you!
* * * LOW HITPOINT WARNING * * *
A red film seems to cover your vision as you go berserk!
You feel yourself moving faster!
You feel mighty! Braks's ghost hits you.
* * * LOW HITPOINT WARNING * * *
You barely miss braks's ghost.
Your tail-slap misses braks's ghost.
Braks's ghost is moderately damaged.
Braks's ghost hits you.
* * * LOW HITPOINT WARNING * * *
You slash braks's ghost! You burn braks's ghost.
Braks's ghost is heavily damaged.
You hit braks's ghost. You burn braks's ghost.
Braks's ghost is severely damaged.
Braks's ghost hits you but does no damage.
You hit braks's ghost. You burn braks's ghost.
Your tail-slap misses braks's ghost.
Braks's ghost is severely damaged.
Braks's ghost hits you!
You die...

........#
........#
........#
........#######
.....$.........
#†# #.# #W# #@#
#.# #.# #.# #.#
#.# #.# #.# #.#


You could see braks's ghost.

Vanquished Creatures
  The ghost of KristoblXynda the Chopper, an amateur DrFi (D:4)
  A centaur (D:5)
  A scorpion (D:4)
  A howler monkey (D:3)
  A crimson imp (D:5)
  Natasha (thrice) (D:2)
  2 worker ants
  A hound zombie (D:5)
  An adder (D:2)
  An ooze (D:1)
  2 adder skeletons
  3 dart slugs
  6 worms
  A leopard gecko (D:1)
  5 orcs (D:3)
  9 giant cockroaches
  4 goblins
  3 hobgoblins
  11 jackals
  A quokka (D:5)
  8 bats
  5 frilled lizards
  5 kobolds
  8 rats
84 creatures vanquished.

Notes
Turn   | Place    | Note
-------+----------+-------------------------------------------
     0 | D:1      | KristoblXynda the Draconian Fighter began the quest for the Orb.
     0 | D:1      | Reached XP level 1. HP: 19/19 MP: 1/1
    79 | D:1      | Reached XP level 2. HP: 13/26 MP: 2/2
   678 | D:2      | Reached XP level 3. HP: 31/31 MP: 3/3
   746 | D:2      | Reached skill level 3 in Axes
   804 | D:2      | Found a shimmering altar of Xom.
   806 | D:2      | Found a burning altar of Makhleb.
   806 | D:2      | Found a snail-covered altar of Cheibriados.
   809 | D:2      | Found a sparkling altar of Nemelex Xobeh.
   809 | D:2      | Found a sparkling altar of Nemelex Xobeh.
   809 | D:2      | Found a sacrificial altar of Ru.
  1116 | D:2      | Noticed Natasha
  1122 | D:2      | Killed Natasha
  1122 | D:2      | Reached XP level 4. HP: 24/38 MP: 4/4
  1139 | D:2      | Noticed Natasha
  1153 | D:2      | Killed Natasha
  1234 | D:2      | Noticed Natasha
  1241 | D:2      | Killed Natasha
  1241 | D:2      | Reached skill level 4 in Axes
  1559 | D:3      | Reached XP level 5. HP: 37/45 MP: 5/5
  1765 | D:3      | You fall through a shaft!
  1872 | D:4      | Found a staircase to the Ecumenical Temple.
  1875 | D:4      | Found a snail-covered altar of Cheibriados.
  1889 | Temple   | Entered the Ecumenical Temple
  2014 | Temple   | Became a worshipper of Qazlal Stormbringer
  2135 | D:4      | Reached skill level 5 in Axes
  2364 | D:4      | Noticed a moth of wrath
  2368 | D:4      | Found a bloodstained altar of Trog.
  2597 | D:4      | Noticed KristoblXynda's ghost (amateur DrFi)
  2607 | D:4      | Killed KristoblXynda's ghost
  2607 | D:4      | Reached skill level 6 in Axes
  2607 | D:4      | Reached skill level 5 in Shields
  2607 | D:4      | Reached XP level 6. HP: 18/51 MP: 6/6
  2945 | D:4      | Found a hazy altar of Hepliaklqana.
  3076 | D:4      | Found a white marble altar of Elyvilon.
  3079 | D:4      | Found a glowing silver altar of Zin.
  3108 | D:5      | Entered Level 5 of the Dungeon
  3111 | D:5      | Found a shattered altar of Ashenzari.
  3121 | D:5      | Your scales start taking on colour.
  3121 | D:5      | Reached XP level 7. HP: 57/57 MP: 7/7
  3271 | D:5      | Found a deep blue altar of Sif Muna.
  3540 | D:5      | Reached skill level 1 in Invocations
  3612 | D:6      | Gained mutation: You expend magic power (3 MP) to strengthen your wands. [potion of mutation]
  3612 | D:6      | Gained mutation: Scrolls take you a little longer to read. [potion of mutation]
  3612 | D:6      | Gained mutation: You can translocate small distances at will. [potion of mutation]
  3613 | D:6      | Lost mutation: Scrolls take you a little longer to read. [potion of cure mutation]
  3613 | D:6      | Lost mutation: You expend magic power (3 MP) to strengthen your wands. [potion of cure mutation]
  3613 | D:6      | Lost mutation: You can translocate small distances at will. [potion of cure mutation]
  3614 | D:6      | Gained mutation: You are agile. (Dex +2) [potion of beneficial mutation]
  3666 | D:6      | Noticed braks's ghost (novice DsMo)
  3706 | D:6      | Slain by braks's ghost

Vault maps used:
D:1:      kennysheep_arrival_forest, minmay_pentomino_u4
D:2:      doesnt_xom_only_xom, uniq_natasha
D:3:      first_bread, st_stairs_10
D:4:      tgw_trog, nicolae_overflow_hidden_temple,
          nicolae_overflow_crystal_walls
D:5:      lemuel_crystal_altar, grunt_decor_clamped, minmay_misc_feat_enclosed,
          evilmike_ruin_ashenzari
D:6:      lightli_orcish_oven
Temple:   kb_temple_of_zot

Skill      XL: |  1  2  3  4  5  6  7 |
---------------+----------------------+-----
Axes           | 3 4 6 |  6.4
Shields        | 4 5 |  5.6
Invocations    | 1 |  1.3
Fighting       | |  3.2
Dodging        | |  2.6

Action                   |  1- 3 |  4- 6 |  7- 9 || total
-------------------------+-------+-------+-------++-------
Melee: War axe           |    86 |   135 |    46 ||   267
       Tailslap          |    11 |    15 |     1 ||    27
  Use: Potion            |       |     1 |     7 ||     8
       Scroll            |       |    14 |     4 ||    18
 Stab: Sleeping          |       |     1 |       ||     1
  Eat: Chunk             |     1 |     5 |       ||     6
       Fruit             |       |     1 |     2 ||     3
Armor: Skin              |    31 |    47 |     9 ||    87
Dodge: Dodged            |    51 |    69 |    16 ||   136
Block: Shield            |    56 |    82 |    21 ||   159
